[Event "Late-Titled-Tuesday-Blitz-July-09-2024"]
[Site "Chess.com"]
[Date "2024.07.09"]
[Round "1"]
[White "Individoom"]
[Black "Beaterawn"]
[Result "1/2-1/2"]
[WhiteElo "2757"]
[BlackElo "2425"]
[TimeControl "180+1"]
[EndTime "14:07:07 PDT"]
[Termination "Game drawn by repetition"]

1. c4 e5 2. Nc3 Nc6 3. Nf3 Nf6 4. g3 Bc5 5. Bg2 d6 6. O-O h6 7. d3 O-O 8. Na4 Bd4 9. e3 Bb6 10. b3 Bd7 11. Bb2 Qc8 12. Re1 Re8 13. a3 Ne7 14. Nxb6 axb6 15. d4 e4 16. Nd2 Ng6 17. Qc2 Bf5 18.
b4 c6 19. Rec1 Qd7 20. c5 bxc5 21. dxc5 d5 22. Nb3 Bh3 23. Bh1 Nh7 24. a4 Ng5 25. Nd2 Ne5 26. Bxe5 Rxe5 27. b5 Rf5 28. Nb3 Nf3+ 29.
Bxf3 exf3 30. Nd4 Rf6 31. Qd3 Bg2 32. bxc6 bxc6 33. a5 Qh3 34. a6 Bh1 35. Qf1 Bg2 36. Qd3 Bh1 37. Qf1 Bg2 38. Qd3 1/2-1/2

[Event "Late-Titled-Tuesday-Blitz-July-09-2024"]
[Site "Chess.com"]
[Date "2024.07.09"]
[Round "1"]
[White "Bilan_Danila"]
[Black "simaopdias"]
[Result "1-0"]
[WhiteElo "2591"]
[BlackElo "2210"]
[TimeControl "180+1"]
[EndTime "14:07:07 PDT"]
[Termination "Bilan_Danila won by resignation"]

1. d4 Nf6 2. Nf3 e6 3. g3 b6 4. Bg2 Bb7 5. O-O Be7 6. c4 O-O 7. d5 d6 8. Nc3 e5 9. Nh4 a6 10. Nf5 Bc8 11. Qc2 Bxf5 12. Qxf5 Qd7 13. Qd3 Qg4 14. h3 Qh5 15. e4 Nbd7 16. Be3 h6 17. b4 Qg6 18. Kh2 a5 19. a3 Kh7 20. f4 exf4 21. gxf4 Nh5 22. Bd2 Bh4 23. Ne2 Kh8 24. Qf3 Nhf6 25. Nd4 Qh5 26. Nf5 Qxf3 27. Bxf3 g5 28.
Nxh6 Nh7 29. Nf5 Rae8 30. Bc3+ Ndf6 31. e5 dxe5 32. fxe5 Ng8 33. Bg4 f6 34. Nxh4 gxh4 35. Rae1 Ng5 36. exf6 Rxe1 37. Bxe1 Rxf6 38. Bc3 Kg7 39.
Bxf6+ Nxf6 40. Be6 Nfe4 41. Kg2 axb4 42. axb4 Nd2 43. Rf4 Kg6 44. c5 bxc5 45. bxc5 Nde4 46. Bf5+ Kf6 47. Bxe4+ Ke5 48. Rxh4 Nxe4 49. Rxe4+ Kxe4 50. d6 1-0

[Event "Late-Titled-Tuesday-Blitz-July-09-2024"]
[Site "Chess.com"]
[Date "2024.07.09"]
[Round "1"]
[White "jbking07"]
[Black "BardArtem"]
[Result "0-1"]
[WhiteElo "2450"]
[BlackElo "2828"]
[TimeControl "180+1"]
[EndTime "14:07:10 PDT"]
[Termination "BardArtem won by checkmate"]

1. Nf3 d5 2. g3 Nf6 3. Bg2 Bf5 4. O-O e6 5. c4 c6 6. b3 h6 7. Bb2 Nbd7 8. Nc3 Be7 9. e3 O-O 10. d4 Ne4 11. Nxe4 Bxe4 12. Nd2 Bxg2 13. Kxg2 Nf6 14. Qf3 a5 15. Rfe1 Bb4 16. Red1 a4 17. Nf1 a3 18.
Bc1 Ne4 19. Nd2 f5 20. Nxe4 fxe4 21. Qe2 Qf6 22. Bd2 Bd6 23. Rf1 Qg6 24. b4 Rf3 25. b5 Raf8 26. bxc6 bxc6 27. c5 Bc7 28. Rab1 h5 29.
Rb7 R8f7 30. Be1 h4 31. Rg1 Qh5 32. Qd2 Qf5 33. h3 hxg3 34. fxg3 Ba5 35. Rb8+ Kh7 36. Qxa5 Rxe3 37. Qd2 Qf3+ 38. Kh2 Re2+ 39. Rg2 Qxg2# 0-1

[Event "Late-Titled-Tuesday-Blitz-July-09-2024"]
[Site "Chess.com"]
[Date "2024.07.09"]
[Round "1"]
[White "Happy1712Drummer"]
[Black "Byniolus"]
[Result "0-1"]
[WhiteElo "2435"]
[BlackElo "2807"]
[TimeControl "180+1"]
[EndTime "14:07:12 PDT"]
[Termination "Byniolus won by resignation"]

1. d4 d6 2. Nf3 Bg4 3. e4 Nf6 4. Nbd2 e6 5. c3 Be7 6. Be2 O-O 7. h3 Bh5 8. e5 Nfd7 9. O-O d5 10. Ne1 Bxe2 11. Qxe2 c5 12. f4 Nc6 13. Ndf3 cxd4 14.
cxd4 Qb6 15. Be3 Rfc8 16. Nd3 Qa6 17. Rf2 Nb6 18. Nc5 Qxe2 19. Rxe2 Nxd4 20. Bxd4 Bxc5 21. b3 a6 22. Kf1 Bxd4 23. Nxd4 Rc3 24. Rd1 g6 25. g4 Rxh3 26. Kg2 Rc3 27. f5 exf5 28. gxf5 Re8 29. e6 fxe6 30. fxe6 Nc8 31. Re5 Ne7 32. Rf1 Rd3 33. Nf3 Rf8 34. Ng5 Rd2+ 35. Kg1 Rxf1+ 36. Kxf1 Kg7 37. Nf3 Rxa2 38. Re3 Kf6 0-1

[Event "Late-Titled-Tuesday-Blitz-July-09-2024"]
[Site "Chess.com"]
[Date "2024.07.09"]
[Round "1"]
[White "ozates"]
[Black "leotobares"]
[Result "1-0"]
[WhiteElo "2622"]
[BlackElo "2285"]
[TimeControl "180+1"]
[EndTime "14:07:14 PDT"]
[Termination "ozates won by checkmate"]

1. e4 c5 2. Nf3 d6 3. d4 cxd4 4. Nxd4 Nf6 5. Nc3 g6 6. g3 Bg7 7.
Bg2 O-O 8. O-O Bd7 9. a4 Nc6 10. Nb3 Rc8 11. Re1 Ne5 12. h3 Rxc3 13. bxc3 Qc8 14. Kh2 Qxc3 15. Be3 Rc8 16. Ra2 Nc4 17. Bxa7 b6 18. a5 bxa5 19. Bd4 Qb4 20. c3 Qb8 21.
Nxa5 Nxa5 22. Rxa5 Bc6 23. e5 dxe5 24. Bxe5 Qb7 25.
Bxc6 Qxc6 26. Qe2 e6 27. Ra7 Nd5 28. Bxg7 Kxg7 29. Qe5+ Kg8 30. Rc1 Qb6 31. Ra2 Qb3 32. Rac2 Rc4 33. h4 h5 34. Rd2 Qa4 35. Rb1 Qa7 36.
Rb8+ Kh7 37. Rh8# 1-0

[Event "Late-Titled-Tuesday-Blitz-July-09-2024"]
[Site "Chess.com"]
[Date "2024.07.09"]
[Round "1"]
[White "BillCoe"]
[Black "Noki102"]
[Result "0-1"]
[WhiteElo "2080"]
[BlackElo "2554"]
[TimeControl "180+1"]
[EndTime "14:07:14 PDT"]
[Termination "Noki102 won by resignation"]

1. e4 e5 2. Nf3 Nc6 3. Bb5 a6 4. Ba4 Nge7 5. O-O g6 6. c3 Bg7 7. d4 exd4 8. cxd4 O-O 9. Nc3 b5 10. Bc2 d6 11. h3 Na5 12. Bg5 h6 13. Bf4 Nc4 14. b3 Nb6 15. Rc1 c5 16. dxc5 dxc5 17. Ne2 Qxd1 18. Rcxd1 Be6 19. Bd6 Rfe8 20. Bxc5 Rac8 21.
Bxb6 Rxc2 22. Ned4 Rxa2 23. Nxe6 fxe6 24. Rd6 Nc8 25. Rc6 Nxb6 26. Rxb6 Rb2 27. Rd1 Rxb3 28. Rd7 a5 29. Rbb7 Bf8 30. Nh4 Re7 31. Rxe7 Bxe7 32. Rxe7 a4 33. Rxe6 a3 34. Ra6 b4 35.
Nxg6 Rb2 36. e5 a2 37. Kh2 b3 38. e6 Re2 39. Nf4 Re4 40. g3 b2 41. Rxa2 b1=Q 42. Ra8+ Kg7 43. Ra7+ Kf6 44. Rf7+ Ke5 45. e7 Kd6 46.
Rf6+ Kxe7 47. Rxh6 Re1 48. Kg2 Qe4+ 49. f3 Qc2+ 0-1

[Event "Late-Titled-Tuesday-Blitz-July-09-2024"]
[Site "Chess.com"]
[Date "2024.07.09"]
[Round "1"]
[White "ReadySkate"]
[Black "merinasian"]
[Result "1-0"]
[WhiteElo "2780"]
[BlackElo "2421"]
[TimeControl "180+1"]
[EndTime "14:07:16 PDT"]
[Termination "ReadySkate won by resignation"]

1. d4 d6 2. e4 Nd7 3. Nf3 g6 4. Nc3 Bg7 5. Bc4 e6 6. O-O Ne7 7. a4 a6 8. Qe2 h6 9. h4 b6 10.
Bf4 Bb7 11. Rfe1 Nf6 12. Rad1 O-O 13. Bh2 d5 14. exd5 Nexd5 15. Be5 Nxc3 16. bxc3 Nd5 17.
Qd2 Bc6 18. h5 g5 19. Bd3 Bxa4 20. c4 Ne7 21. Bxg7 Kxg7 22. Nxg5 hxg5 23. Qxg5+ Ng6 24. Qg3 Qh4 25. hxg6 Qxg3 26. fxg3 Rad8 27. gxf7 Rxd4 28. Rxe6 Rxf7 29. Rde1 Rg4 30. Kh2 Bd7 31. R6e4 Rxe4 32. Rxe4 a5 33. c5 b5 34. c3 a4 35. Bb1 Bc6 36. Re6 Bd5 37. Rg6+ Kf8 38. Ra6 Rf2 39. Bd3 c6 40. Kh3 Rxg2 41. c4 bxc4 42. Bxc4 Bxc4 43. Ra8+ Ke7 44. Kxg2 Bb5 45. Kf3 Ke6 46. Ke4 Kf6 47. Rg8 Bc4 48. Rf8+ Ke7 49. Ra8 Bb3 50. Ke5 Kd7 51. Kf6 Bc2 52. g4 Kc7 53. Ra5 Kb7 54. g5 1-0

[Event "Late-Titled-Tuesday-Blitz-July-09-2024"]
[Site "Chess.com"]
[Date "2024.07.09"]
[Round "1"]
[White "vi_pranav"]
[Black "Matalon"]
[Result "1-0"]
[WhiteElo "2999"]
[BlackElo "2504"]
[TimeControl "180+1"]
[EndTime "14:07:18 PDT"]
[Termination "vi_pranav won by resignation"]

1. e4 e5 2. Nf3 Nc6 3. Bb5 a6 4. Ba4 Nf6 5. O-O Be7 6. d3 b5 7.
Bb3 d6 8. c3 O-O 9. a4 Bb7 10.
Bg5 Na5 11. Ba2 c5 12. Na3 Bc6 13. axb5 axb5 14. Nc2 Nd7 15. Bxe7 Qxe7 16. Ne3 g6 17. Nd5 Qd8 18. Qd2 Nf6 19. b4 Bxd5 20. Bxd5 Nxd5 21. exd5 Nb7 22. Qh6 Qf6 23. Qh3 Qe7 24. Qh6 Qf6 25. h3 Qg7 26. Qh4 f5 27. Rfb1 cxb4 28. Qxb4 Qd7 29.
Rxa8 Rxa8 30. d4 e4 31. Ng5 Nd8 32. h4 h6 33. Nh3 Rc8 34. Nf4 Kg7 35. Ra1 Rc4 36. Qa5 Rc7 37. Qb6 Rb7 38. Qxd8 Qxd8 39.
Ne6+ Kf6 40. Nxd8 Rc7 41. Nc6 Rc8 42. Ra5 g5 43. hxg5+ hxg5 44. Rxb5 f4 45. Rb7 Kf5 1-0

[Event "Late-Titled-Tuesday-Blitz-July-09-2024"]
[Site "Chess.com"]
[Date "2024.07.09"]
[Round "1"]
[White "zacachess"]
[Black "Tactrics"]
[Result "0-1"]
[WhiteElo "2477"]
[BlackElo "2915"]
[TimeControl "180+1"]
[EndTime "14:07:19 PDT"]
[Termination "Tactrics won on time"]

1. e4 e6 2. d4 d5 3. a3 dxe4 4.
c4 c5 5. d5 f5 6. Nc3 Nf6 7. Nh3 a6 8. Be2 Bd6 9. Bg5 Be5 10. Nf4 Qe7 11. O-O O-O 12. dxe6 Bxc3 13. bxc3 Bxe6 14. Nd5 Bxd5 15. cxd5 Qe5 16. c4 Nbd7 17. Qd2 Qd6 18. Rab1 b6 19. a4 Ne5 20. Bf4 Nfd7 21. f3 h6 22. fxe4 fxe4 23. Qe3 Qg6 24. Kh1 Rf6 25. a5 bxa5 26. Bxe5 Nxe5 27. Qxc5 Raf8 28.
Rxf6 Rxf6 29. Qd4 Nf3 30. Qe3 Nh4 31. Qg3 Qxg3 32. hxg3 Nf5 33. Kh2 Nd4 34. Bg4 h5 35. Bc8 e3 36. Re1 e2 37. Kg1 a4 38. c5 Kf8 0-1

[Event "Late-Titled-Tuesday-Blitz-July-09-2024"]
[Site "Chess.com"]
[Date "2024.07.09"]
[Round "1"]
[White "Arystanner"]
[Black "AktilekAskarovich"]
[Result "1-0"]
[WhiteElo "2913"]
[BlackElo "2475"]
[TimeControl "180+1"]
[EndTime "14:07:19 PDT"]
[Termination "Arystanner won on time"]

1. d4 d5 2. Nf3 Nf6 3. c4 e6 4.
Nc3 c6 5. Qd3 dxc4 6. Qxc4 b5 7.
Qd3 Bb7 8. e4 a6 9. e5 Nd5 10. Ne4 Nd7 11. Bg5 Qa5+ 12. Bd2 Qb6 13. a4 Be7 14. Be2 h6 15. O-O O-O 16. Rfc1 Rfc8 17.
Nd6 Bxd6 18. exd6 Rab8 19. Ne5 Qd8 20. Qg3 Kf8 21. Bh5 Nxe5 22. dxe5 c5 23. axb5 axb5 24. Ra7 c4 25. Bf3 Qd7 26. Bxd5 exd5 27. Be3 Ra8 28. Rca1 Rxa7 29. Rxa7 Ra8 30. Rxa8+ Bxa8 31. Bc5 Kg8 32. h3 Bc6 33. Qf4 Qe6 34. Kh2 Qg6 35. f3 Qe6 36. Bd4 Kf8 37. Qd2 Qf5 38. Qa5 Qf4+ 39. Kh1 Qxd4 40. Qd8+ Be8 41. Qe7+ Kg8 42. Qxe8+ Kh7 43.
d7 c3 44. bxc3 Qe3 45. Qxf7 Qc1+ 46. Kh2 1-0

[Event "Late-Titled-Tuesday-Blitz-July-09-2024"]
[Site "Chess.com"]
[Date "2024.07.09"]
[Round "1"]
[White "c63_amg"]
[Black "DeArron_Fox"]
[Result "0-1"]
[WhiteElo "2771"]
[BlackElo "2437"]
[TimeControl "180+1"]
[EndTime "14:07:20 PDT"]
[Termination "DeArron_Fox won by resignation"]

1. e4 c5 2. Nf3 e6 3. Nc3 a6 4. d4 cxd4 5. Nxd4 b5 6. Bd3 Bb7 7. O-O Nc6 8. Nxc6 Bxc6 9. Re1 Qb8 10. a4 bxa4 11. Nxa4 Bd6 12. h3 Ne7 13. Be3 Bh2+ 14. Kh1 Bf4 15. Qf3 Bxe3 16. Qxe3 Bxa4 17. Rxa4 Qxb2 18.
e5 O-O 19. Rea1 Nd5 20. Qg3 f5 21. exf6 Qxf6 22. f3 Nf4 23. Bxa6 d5 24. Kh2 h5 25.
Bb7 Rxa4 26. Rxa4 h4 27. Qe1 Qe7 28. Qb4 Qc7 29. Qd2 Qxb7 30. Rxf4 Qc7 31. g3 hxg3+ 32. Kxg3 g5 33. Kg2 Qxf4 34. Qf2 Qf5 35. Qe2 Rc8 36. c4 Rxc4 37. Qe3 Rc2+ 38. Kg3 Qf4+ 0-1

[Event "Late-Titled-Tuesday-Blitz-July-09-2024"]
[Site "Chess.com"]
[Date "2024.07.09"]
[Round "1"]
[White "Nemsko"]
[Black "Zurability"]
[Result "0-1"]
[WhiteElo "2336"]
[BlackElo "2661"]
[TimeControl "180+1"]
[EndTime "14:07:20 PDT"]
[Termination "Zurability won on time"]

1. e4 c5 2. Nf3 d6 3. d4 cxd4 4.
Nxd4 Nf6 5. Nc3 g6 6. Be3 Bg7 7.
f3 a6 8. Qd2 Nbd7 9. O-O-O b5 10.
g4 Bb7 11. h4 Rc8 12. Kb1 Ne5 13.
Bd3 h5 14. g5 Nfd7 15. f4 Ng4 16. Bg1 e5 17. Nde2 exf4 18. Qxf4 Nde5 19. Bd4 O-O 20.
Rhf1 Qc7 21. Rc1 b4 22. Nd5 Bxd5 23. exd5 Qb7 24. Be4 Rc4 25. Qd2 Rfc8 26. Bd3 Nxd3 27. Qxd3 Qxd5 28. Bxg7 Qxd3 29. cxd3 Rxc1+ 30. Nxc1 Kxg7 31. Nb3 Ne5 32. d4 Nd3 33. Rf3 Ne1 34. Re3 Ng2 35. Re4 d5 36. Re5 Nxh4 37. Rxd5 Nf3 38. Nc5 h4 39.
Rd7 h3 40. Ne6+ Kg8 0-1

[Event "Late-Titled-Tuesday-Blitz-July-09-2024"]
[Site "Chess.com"]
[Date "2024.07.09"]
[Round "1"]
[White "SantoBlue"]
[Black "tgpgoat"]
[Result "1-0"]
[WhiteElo "2994"]
[BlackElo "2504"]
[TimeControl "180+1"]
[EndTime "14:07:21 PDT"]
[Termination "SantoBlue won by resignation"]

1. e3 Nf6 2. c4 e6 3. Nf3 Be7 4. d4 O-O 5. Be2 d5 6. O-O dxc4 7. Bxc4 c5 8. b3 cxd4 9. Nxd4 Bd7 10. Bb2 Nc6 11.
Nd2 Nxd4 12. Bxd4 Bc6 13. Qe2 Qa5 14. Rac1 Rfd8 15. Bc3 Qc7 16. Nf3 Bd6 17. Bxf6 gxf6 18.
Bb5 Bxf3 19. gxf3 Bxh2+ 20. Kh1 Qe5 21. f4 Bxf4 22. exf4 Qxf4 23. Rc3 Rd2 24. Rg3+ Kh8 25. Qe3 Qxe3 26. fxe3 Rg8 27. Rxg8+ Kxg8 28. Rxf6 Rxa2 29.
Be8 Re2 30. Rxf7 b6 31. Rxa7 Rxe3 32. b4 Rb3 33. b5 Kf8 34. Bc6 e5 35. Rxh7 e4 36.
Kg2 Rb2+ 37. Kf1 e3 38. Ke1 Kg8 39. Rh3 Kf7 40. Rxe3 Kf8 41. Re8+ Kf7 42. Rb8 Ke7 43. Rxb6 Kd6 44. Rb7 Kc5 45. Rd7 Kb6 46. Rd2 Rb4 47. Kd1 Kc5 48. Kc2 Kb6 49. Kc3 Rh4 50. Rd3 Rh1 51.
Kc4 Rb1 52. Rd6 Rc1+ 53. Kd5 Ka5 54. Ke6 Rg1 55. Kd7 Rg7+ 56. Kc8 Rh7 57. Rd7 Rh2 58. Kb7 Rb2 59. Rd5 Kb4 60. b6 Kc4 61. Kc7 Rh2 62. b7 Rh7+ 63. Rd7 1-0

[Event "Late-Titled-Tuesday-Blitz-July-09-2024"]
[Site "Chess.com"]
[Date "2024.07.09"]
[Round "1"]
[White "GMG"]
[Black "ArchibaldCerveza29"]
[Result "1-0"]
[WhiteElo "2796"]
[BlackElo "2426"]
[TimeControl "180+1"]
[EndTime "14:07:21 PDT"]
[Termination "GMG won by resignation"]

1. Nf3 Nf6 2. c4 g6 3. g3 Bg7 4. Bg2 c5 5. d4 cxd4 6. Nxd4 Nc6 7. Nc3 O-O 8. O-O Nxd4 9. Qxd4 d6 10. Qd3 a6 11. Bd2 Rb8 12. a4 a5 13. e4 Nd7 14.
Be3 b6 15. h3 Ne5 16. Qe2 Be6 17. Nd5 Bxd5 18. exd5 Qc7 19. b3 Nd7 20. Qc2 Nc5 21. Rae1 Rfe8 22. Re2 e5 23. dxe6 fxe6 24. Rd1 Rbd8 25.
Bf4 e5 26. Bg5 Rd7 27. Bd5+ Kh8 28. h4 Ne6 29. Bxe6 Rxe6 30. Qe4 Re8 31. Red2 Rf8 32. Be3 Rf6 33. Rd5 h6 34. Rb5 Rdf7 35. Bxb6 Qd7 36. Be3 Qh3 37. Rbd5 Rf4 38. gxf4 exf4 39. Qg2 Qe6 40.
Bd4 f3 41. Bxg7+ Kxg7 42. Qg3 Rf6 43. Rxd6 Qe2 44. Rd7+ Kg8 45. Rd8+ Kg7 46. R1d7+ Rf7 47. Rxf7+ Kxf7 48. Qf4+ Ke7 49. Qf8+ Ke6 50. Re8+ 1-0

[Event "Late-Titled-Tuesday-Blitz-July-09-2024"]
[Site "Chess.com"]
[Date "2024.07.09"]
[Round "1"]
[White "jk13"]
[Black "SimplyDevina"]
[Result "0-1"]
[WhiteElo "2654"]
[BlackElo "2365"]
[TimeControl "180+1"]
[EndTime "14:07:21 PDT"]
[Termination "SimplyDevina won by checkmate"]

1. e4 c6 2. Nc3 d5 3. Nf3 dxe4 4.
Nxe4 Nf6 5. Qe2 Nxe4 6. Qxe4 e6 7. d4 Nd7 8. Bd3 Nf6 9. Qe2 Qc7 10. Bg5 Be7 11. O-O-O Nd5 12. Bxe7 Nxe7 13. Ne5 Ng6 14. g3 Nxe5 15. dxe5 Bd7 16. Qe3 Qa5 17. a3 O-O-O 18. f4 c5 19. Be4 Qc7 20. Rd6 Bc6 21. Rxc6 bxc6 22. Qxc5 Kb7 23. Re1 Qb6 24. Qe7+ Qc7 25. Qb4+ Qb6 26. Qc3 Rd7 27. b4 Rhd8 28. Kb2 Kc7 29. Ka2 Rd2 30. Bd3 R8xd3 31. Qc4 Rd4 32. Qc3 Rd8 33. Re4 Rxh2 34. Rc4 Rdd2 35. Qb3 Qb5 36.
a4 Qxc4 37. Qxc4 Rxc2+ 38. Kb3 Rxc4 39. Kxc4 Rg2 40. Kd3 Rxg3+ 41. Kc4 Rf3 42. Kc5 Rxf4 43. a5 Re4 44. b5 Rxe5+ 45. Kb4 Rxb5+ 46. Ka4 h5 47. a6 h4 48. Ka3 h3 49. Ka4 h2 50.
Ka3 h1=Q 51. Ka4 Qh4+ 52. Ka3 Rg5 53. Ka2 Rg3 54. Kb2 Qh2+ 55. Kc1 Rg1# 0-1

[Event "Late-Titled-Tuesday-Blitz-July-09-2024"]
[Site "Chess.com"]
[Date "2024.07.09"]
[Round "1"]
[White "Oleksandr_Bortnyk"]
[Black "betta2004"]
[Result "1-0"]
[WhiteElo "3052"]
[BlackElo "2512"]
[TimeControl "180+1"]
[EndTime "14:07:25 PDT"]
[Termination "Oleksandr_Bortnyk won by resignation"]

1. d4 d5 2. Nc3 Nf6 3. Bf4 a6 4. e3 e6 5. a3 Bd6 6. Nf3 O-O 7.
Bd3 b5 8. Ne5 Bb7 9. b4 Nbd7 10. Qf3 Ne8 11. Qh3 g6 12. Bh6 Ng7 13. f4 Nf6 14. O-O Ne4 15. Bxe4 dxe4 16. Rad1 Qe7 17.
Ng4 f6 18. Rd2 Rfe8 19. Bxg7 Kxg7 20. d5 h5 21. Nf2 exd5 22. Nxd5 Bxd5 23. Rxd5 f5 24.
Rfd1 Rad8 25. Nh1 c6 26. R5d2 Bc7 27. Qg3 Bb6 28. Qe1 Rxd2 29. Rxd2 Rd8 30. Nf2 Rd5 31.
Rxd5 cxd5 32. c3 Qc7 33. Qd2 Qc4 34. g3 Kf6 35. Kg2 a5 36. bxa5 Bxa5 37. Nd1 Bb6 38.
Qc2 d4 39. exd4 Bxd4 40. Qd2 Bc5 41. Nb2 Qb3 42. Kh3 e3 43. Qd8+ Be7 44. Qh8+ Kf7 45. Nd3 Bf6 46. Qh7+ Kf8 47. Qxg6 Qf7 48. Qxf5 Bxc3 49. Qc5+ Qe7 50. Qxc3 e2 51. Qh8+ Kf7 52.
Qh7+ Kf6 53. Qxe7+ Kxe7 54. Kg2 Ke6 55. Kf3 Kd5 56.
Kxe2 Kd4 1-0

[Event "Late-Titled-Tuesday-Blitz-July-09-2024"]
[Site "Chess.com"]
[Date "2024.07.09"]
[Round "1"]
[White "pirulillo"]
[Black "GoltsevDmitry2000"]
[Result "0-1"]
[WhiteElo "2413"]
[BlackElo "2756"]
[TimeControl "180+1"]
[EndTime "14:07:25 PDT"]
[Termination "GoltsevDmitry2000 won by resignation"]

1. e4 e6 2. d3 d5 3. Nd2 Nf6 4. Ngf3 Bc5 5. e5 Nfd7 6. Qe2 Nc6 7. c3 d4 8. g3 Nb6 9. Bg2 Nd5 10. c4 Nde7 11. a3 Nf5 12. b4 Be7 13. Ne4 a6 14. h4 h6 15. h5 Bd7 16. Bb2 b5 17. c5 a5 18. Qd2 O-O 19. O-O Ra6 20. g4 Nh4 21. Nxh4 Bxh4 22. f4 Ne7 23. Bxd4 Nd5 24.
Bf2 Bc6 25. g5 hxg5 26. fxg5 Bxf2+ 27. Rxf2 axb4 28. Raf1 bxa3 29. Nf6+ Kh8 30. g6 a2 31. Ra1 Nxf6 32. exf6 Qd4 33. h6 Qxa1+ 34. Kh2 Qe5+ 35. Kg1 a1=Q+ 36. Bf1 Qg3+ 37. Rg2 Qxf1+ 38. Kxf1 Ra1+ 39. Ke2 Qxg2+ 40. Ke3 Qf3+ 41. Kd4 Qxf6+ 42. Ke3 Qg5+ 0-1

[Event "Late-Titled-Tuesday-Blitz-July-09-2024"]
[Site "Chess.com"]
[Date "2024.07.09"]
[Round "1"]
[White "10n0l20"]
[Black "Kirill_Klukin"]
[Result "0-1"]
[WhiteElo "2492"]
[BlackElo "2935"]
[TimeControl "180+1"]
[EndTime "14:07:29 PDT"]
[Termination "Kirill_Klukin won on time"]

1. e4 c5 2. Nf3 g6 3. c3 d5 4.
exd5 Qxd5 5. Na3 Nf6 6. d4 Bg7 7. Bc4 Qe4+ 8. Be3 cxd4 9. Bxf7+ Kf8 10. cxd4 Bg4 11. Bc4 Nc6 12. h3 Bxf3 13. Qxf3 Qxf3 14.
gxf3 Rd8 15. O-O-O Nd5 16. h4 a6 17. h5 b5 18. Bb3 Na5 19. Bxd5 Rxd5 20. hxg6 hxg6 21. Rxh8+ Bxh8 22. Nc2 Nc6 23. Rg1 Kf7 24. Rg4 Rf5 25. Rh4 Bf6 26. Rh7+ Kg8 27. Rh3 Rd5 28. Rg3 Kf7 29.
Rg4 Rf5 30. Rg3 Rd5 31. Rg4 e5 32. dxe5 Nxe5 33. Nb4 Rd7 34. Rg3 a5 35. f4 Nc4 36.
Nc6 Bxb2+ 37. Kc2 Bf6 38. a4 bxa4 39. Rg1 a3 40. Kb3 Nxe3 41. fxe3 Rd3+ 42. Ka2 Rxe3 43. Rf1 a4 44. Na5 Be7 45. Nc4 Re2+ 46. Ka1 Bf6+ 47. Ne5+ Kg7 48. Rg1 g5 0-1

[Event "Late-Titled-Tuesday-Blitz-July-09-2024"]
[Site "Chess.com"]
[Date "2024.07.09"]
[Round "1"]
[White "Yaacovn"]
[Black "rionelG"]
[Result "1-0"]
[WhiteElo "2791"]
[BlackElo "2425"]
[TimeControl "180+1"]
[EndTime "14:07:30 PDT"]
[Termination "Yaacovn won by resignation"]

1. d4 d5 2. e3 b6 3. c3 Bb7 4.
Nd2 f5 5. c4 e6 6. cxd5 exd5 7.
Ngf3 Nf6 8. b4 Bd6 9. Bb2 O-O 10. b5 a6 11. a4 f4 12. exf4 Bxf4 13. Be2 Ne4 14.
O-O axb5 15. axb5 Rxa1 16. Bxa1 Nd7 17. Nxe4 dxe4 18. Ne5 Nxe5 19. dxe5 Qg5 20. Qd4 e3 21. f3 Rd8 22. Qc4+ Bd5 23. Qxc7 Qh4 24. h3 Be6 25. Bc3 Rd7 26. Qc8+ Kf7 27. Be1 Bg3 28. Bxg3 Qxg3 29. Qc3 Bxh3 30. e6+ Bxe6 31. Qxe3 Re7 32. Qxb6 h5 33.
Qf2 Qg5 34. Rb1 h4 35. Rb4 h3 36. g3 Rd7 37. Rf4+ Ke7 38. Kh2 Rd2 39. Qe3 Qd5 40. Re4 Kd6 41. Rxe6+ Qxe6 42. Qxd2+ Ke7 43. Bf1 Qd7 44.
Qxd7+ Kxd7 45. Bxh3+ Kc7 46. Bf1 Kb6 47. f4 1-0

[Event "Late-Titled-Tuesday-Blitz-July-09-2024"]
[Site "Chess.com"]
[Date "2024.07.09"]
[Round "1"]
[White "superfast64"]
[Black "marvinguevara"]
[Result "0-1"]
[WhiteElo "2535"]
[BlackElo "2072"]
[TimeControl "180+1"]
[EndTime "14:07:31 PDT"]
[Termination "marvinguevara won by resignation"]

1. d4 Nf6 2. Bf4 c5 3. e3 d6 4. c3 Nc6 5. dxc5 dxc5 6. Qxd8+ Kxd8 7. Bb5 Bd7 8. Nf3 Nd5 9. Bg3 Nc7 10. Bc4 e6 11. Ng5 Be8 12. Na3 a6 13. O-O-O+ Kc8 14.
Be2 b5 15. Ne4 Kb7 16. Nd6+ Kb6 17. Bf3 f6 18. Nxe8 Rxe8 19. Rd7 e5 20. Rhd1 Ne6 21.
R1d6 Bxd6 22. Rxd6 Nd8 23. Rd7 Re7 24. Rd2 Ne6 25. Nc2 Rd8 26. Re2 Red7 27. Re1 c4 28. Be2 Nc5 29. Kb1 Rd2 30. Kc1 R2d7 31. Kb1 Nd3 32.
Rf1 Nc5 33. f3 Rd2 34. Nd4 exd4 35. exd4 Rxe2 36. dxc5+ Kxc5 37. Bf2+ Kd6 38. Bg3+ Ke6 39. Bf4 Ne5 40. b3 Nd3 41. Bg3 Kf5 42. Bh4 Rxg2 43. Bg3 Re8 44. bxc4 bxc4 45. Ka1 Ree2 0-1

[Event "Late-Titled-Tuesday-Blitz-July-09-2024"]
[Site "Chess.com"]
[Date "2024.07.09"]
[Round "1"]
[White "ChessicallyInclined"]
[Black "AlphaPerseii"]
[Result "1-0"]
[WhiteElo "2735"]
[BlackElo "2405"]
[TimeControl "180+1"]
[EndTime "14:07:32 PDT"]
[Termination "ChessicallyInclined won on time"]

1. Nf3 Nf6 2. c4 c5 3. b3 g6 4. Bb2 Bg7 5. e4 d6 6. d3 O-O 7. Nc3 Nc6 8. g3 Bg4 9. Bg2 Nd4 10. h3 Bxf3 11. Bxf3 Nd7 12. Bg2 Ne5 13. f4 Nec6 14. O-O f5 15. Qd2 Qd7 16. Rae1 Rae8 17. h4 e6 18. Qd1 a6 19. g4 Kh8 20. g5 b5 21.
h5 Kg8 22. Kh2 b4 23. Na4 e5 24. h6 Bh8 25. exf5 Rxf5 26. Bh3 Ref8 27. Nb6 Qf7 28.
Nd5 exf4 29. Re4 Be5 30. Bxf5 Qxf5 31. Bxd4 cxd4 32. Qf3 Qxg5 33. Qh3 f3+ 34. Kh1 Rf5 35. Rg4 Qd2 36. Rg3 Rh5 37. Qxh5 Bxg3 38. Qh3 Be5 39. Rxf3 Qd1+ 40. Rf1 Nd8 41. Rxd1 1-0

[Event "Late-Titled-Tuesday-Blitz-July-09-2024"]
[Site "Chess.com"]
[Date "2024.07.09"]
[Round "1"]
[White "klercaku"]
[Black "vellottiwizard"]
[Result "0-1"]
[WhiteElo "2381"]
[BlackElo "2697"]
[TimeControl "180+1"]
[EndTime "14:07:32 PDT"]
[Termination "vellottiwizard won by resignation"]

1. e4 e6 2. d4 d5 3. Nd2 Nc6 4. c3 e5 5. dxe5 dxe4 6. Nxe4 Qxd1+ 7. Kxd1 Nxe5 8. Kc2 Bf5 9. f3 O-O-O 10. Bf4 Ng6 11. Bg3 Bxe4+ 12. fxe4 Nf6 13. Bd3 Bd6 14. Nf3 Bxg3 15. hxg3 Ng4 16. Rhe1 N6e5 17. Bb5 c6 18.
Ba4 Rd7 19. Bb3 Rhd8 20. Re2 Rd3 21. Rae1 Kc7 22. Ng5 Rxg3 23. Nxf7 Nxf7 24. Bxf7 Ne5 25. Bb3 Rf8 26. Rh1 h6 27. Rh5 Ng4 28. Rh3 Rxh3 29. gxh3 Ne5 30. Rg2 g5 31. Be6 Rf4 32. Bf5 Kd6 33.
Kd2 b5 34. b3 a5 35. Ke3 Rf3+ 36.
Kd2 b4 37. cxb4 axb4 38. Kc2 Kc5 39. Rd2 Rc3+ 40. Kb1 h5 41. Rc2 Kd4 42. Rg2 Nd3 43. Rg1 Ke5 44. Ka1 Kf4 45. Kb1 c5 46. Ka1 Ne5 47. Kb2 g4 48. hxg4 hxg4 49. a3 g3 50.
axb4 cxb4 51. Rg2 Nd3+ 52. Ka2 Ne1 53. Rg1 Nf3 54. Rg2 Nh4 55. Rg1 g2 56. Bh3 Rxh3 0-1

[Event "Late-Titled-Tuesday-Blitz-July-09-2024"]
[Site "Chess.com"]
[Date "2024.07.09"]
[Round "1"]
[White "Zq1"]
[Black "anderson2361"]
[Result "0-1"]
[WhiteElo "2572"]
[BlackElo "2265"]
[TimeControl "180+1"]
[EndTime "14:07:32 PDT"]
[Termination "anderson2361 won by resignation"]

1. d4 d5 2. c4 e6 3. Nc3 a6 4. c5 Nf6 5. Bf4 Nc6 6. e3 g6 7. Nf3 Bg7 8. h3 Qe7 9. Bd3 O-O 10. a3 Rd8 11. O-O Nh5 12. Bh2 e5 13. dxe5 Nxe5 14. Be2 Nxf3+ 15. Bxf3 Nf6 16. Rc1 c6 17. Na4 Nd7 18.
Qd2 Be5 19. Bxe5 Nxe5 20. Be2 Bf5 21. Nb6 Rab8 22. Qd4 Nd7 23. Na4 Ne5 24. Rfe1 Re8 25. b4 Rbd8 26. Nc3 h5 27. a4 h4 28. b5 axb5 29. axb5 Nd7 30. Na4 Qg5 31. Kh1 Re4 32.
Qa1 Ne5 33. f4 Qg3 34. fxe5 Bxh3 35. Bf1 Bxg2+ 36. Bxg2 Rg4 37. Rg1 h3 38. Bxd5 Qh4 39. Bf3 Rg3 40. Rxg3 Qxg3 41. Rd1 Qxf3+ 0-1